 Dungeon Crawl Stone Soup version 0.31.0-32-g396128a36d (webtiles) character file.

Game seed: 17015880418802793312

23 spaghetti the Caller (level 2, -4/25 HPs)
             Began as a Naga Summoner on Mar 10, 2024.
             Slain by a gnoll
             ... wielding a +0 whip
              (10 damage)
             ... on level 2 of the Dungeon.
             The game lasted 00:01:31 (771 turns).

spaghetti the Caller (Naga Summoner)                 Turns: 771, Time: 00:01:32

Health: -4/25      AC:  1    Str: 10    XL:     2   Next: 95%
Magic:  0/5        EV:  9    Int: 15    God:
Gold:   80         SH:  0    Dex: 11    Spells: 2/5 levels left

rFire   . . .        (no weapon)
rCold   . . .        (no shield)
rNeg    . . .        a - +0 robe
rPois   +            (no helmet)
rElec   .            (no cloak)
rCorr   .            (no gloves)
SInv    +            (no barding)
Will    .....        (no amulet)
Stlth   ++           (no ring)
HPRegen 0.24/turn    (no ring)
MPRegen 0.09/turn

%: no passive effects
@: short of breath, very slow
A: AC +0, large, see invisible, deformed body, poison resistance, slowness 2,
spit poison 1, naga tail 1
a: Spit Poison


You were on level 2 of the Dungeon.
You visited 1 branch of the dungeon, and saw 2 of its levels.

You collected 80 gold pieces.

Inventory:

Missiles
 g - 3 javelins
Armour
 a - a +0 robe (worn)
Potions
 b - a potion of magic
 d - a potion of heal wounds {unknown}
 i - a potion of might {unknown}


   Skills:
 + Level 1.2 Fighting
 - Level 1.5 Dodging
 - Level 3.0 Stealth
 + Level 2.4 Spellcasting
 + Level 4.3 Summonings


You had 2 spell levels left.
You knew the following spells:

 Your Spells              Type           Power      Damage    Failure   Level
a - Summon Small Mammal   Summ           56%        N/A       3%          1
b - Call Imp              Summ           28%        N/A       5%          2

Your spell library contained the following spells:

 Spells                   Type           Power      Damage    Failure   Level
 Call Canine Familiar     Summ           14%        N/A       11%         3
 Summon Blazeheart Golem  Fire/Summ      8%         N/A       65%         4
 Summon Lightning Spire   Summ/Air       8%         N/A       65%         4


Dungeon Overview and Level Annotations

Branches:
Dungeon (1/15)

Altars:


Innate Abilities, Weirdness & Mutations

Your serpentine skin is tough. (AC +0)
You have supernaturally acute eyesight. (SInv)
Armour fits poorly on your strangely shaped body.
Your system is resistant to poisons. (rPois)
You cover ground very slowly.
You can spit poison.
You have a snake-like lower body.


Message History

The gnoll hits your rat with a +0 halberd!
Your rat dies!
Your rat's corpse disappears in a puff of smoke!
Aiming: Spit Poison (2% risk of failure)
Press: ? - help, Shift-Dir - straight line, f - gnoll
Aim: a gnoll, wielding a +0 halberd (ally target, 65% to hit)
The splash of poison hits the gnoll but does no damage.
The gnoll is poisoned.
Your rat barely misses the gnoll.
Your rat closely misses the gnoll. x2
Casting: Summon Small Mammal (safe; 3% risk of failure)
Confirm with . or Enter, or press ? or * to list all spells.
Your bat completely misses the gnoll.
The gnoll closely misses your rat.
You have got your breath back.
Your bat hits the gnoll but does no damage.
Casting: Summon Small Mammal (safe; 3% risk of failure)
Confirm with . or Enter, or press ? or * to list all spells.
Your bat disappears in a puff of smoke!
The gnoll closely misses you.
Your rat bites the gnoll but does no damage.
Your bat closely misses the gnoll.
The gnoll hits your rat with a +0 whip.
Your rat dies!
Your rat's corpse disappears in a puff of smoke!
The gnoll hits you with a +0 halberd!
You hit the gnoll.
The gnoll is moderately wounded.
The gnoll looks more healthy.
Your bat hits the gnoll but does no damage.
The gnoll hits you with a +0 halberd.
You swap places.
Your bat hits the gnoll. The gnoll closely misses you.
The gnoll attacks as it pursues you! The gnoll hits you with a +0 whip.
* * * LOW HITPOINT WARNING * * *
The gnoll barely misses you.
Aiming: Spit Poison (2% risk of failure)
Press: ? - help, Shift-Dir - straight line, f/p - gnoll
Aim: a gnoll, wielding a +0 halberd (moderately wounded, ally target, 65% to hit)
The splash of poison hits the gnoll.
The gnoll is poisoned.
The gnoll is moderately wounded.
Your bat hits the gnoll but does no damage.
The gnoll hits you with a +0 whip!
You die...

#######'###...........##
#.........'.............
#........##..........###
#........#############
#........# #.......)#
#......g.# #......g.#
#.....b@.# #........#
##########


You could see 2 gnolls and a friendly bat (summoned).

Vanquished Creatures
  An adder (D:2)
  2 hobgoblins (D:1)
  2 kobolds (D:2)
  2 ball pythons
7 creatures vanquished.

Vanquished Creatures (collateral kills)
  An endoplasm (D:2)
  2 goblins
  A hobgoblin (D:2)
  A rat (D:2)
5 creatures vanquished.

Grand Total: 12 creatures vanquished

Notes
Turn   | Place    | Note
-------+----------+-------------------------------------------
     0 | D:1      | spaghetti the Naga Summoner began the quest for the Orb.
     0 | D:1      | Reached XP level 1. HP: 15/15 MP: 3/3
   157 | D:1      | You fall into a shaft and drop 1 floor!
   214 | D:2      | Reached skill level 1 in Fighting
   214 | D:2      | Reached XP level 2. HP: 13/25 MP: 1/5
   309 | D:2      | Learned a level 2 spell: Call Imp
   771 | D:2      | Slain by a gnoll

Illustrated notes

Levels and vault maps discovered:
D:1:      dpeg_arrival_tiny_k, layout_basic, ebering_ecumenical_altar_ruins,
          chequers_serial_rivers_small_b
D:2:      layout_basic, grunt_ministairs_12

Skill      XL: |  1 |
---------------+----+-----
Fighting       | 1 |  1.2
Dodging        | |  1.5
Stealth        | |  3.0
Spellcasting   | |  2.4
Summonings     | |  4.3

Action                     || total
---------------------------++-------
  Melee: Unarmed           ||    29
   Cast: Summon Small Mamm ||    19
         Call Imp          ||     4
Ability: Spit Poison       ||    10
    Use: Scroll            ||     4
 Armour: Robe              ||    32
  Dodge: Dodged            ||    23
